 Dungeon Crawl Stone Soup version 0.14.0-15-g6b16f67 (webtiles) character file.

780 Qrupt the Spear-Bearer (level 7, 0/50 HPs)
             Began as a Merfolk Gladiator on Apr 18, 2014.
             Was a Believer of Nemelex Xobeh.
             Slain by a vampire mosquito (6 damage)
             ... summoned by the player character
             ... on Level 5 of the Dungeon.
             The game lasted 00:14:41 (4770 turns).

Qrupt the Spear-Bearer (Merfolk Gladiator)          Turns: 4770, Time: 00:14:42

HP   0/50        AC  7     Str 16      XL: 7   Next: 32%
MP   6/7         EV 11     Int  7      God: Nemelex Xobeh [**....]
Gold 216         SH  0     Dex 16      Spells:  0 memorised,  6 levels left

rFire  . . .     SeeInvis .     a - +0 trident
rCold  . . .     Clarity  .     x - +0 ring mail
rNeg   . . .     Conserve .     (no shield)
rPois  .         rCorr    .     c - +0 helmet
rElec  .         rRot     .     t - +0 cloak
SustAb . .       Spirit   .     (no gloves)
rMut   .         Warding  .     (no boots)
Saprov . . .     Stasis   .     (no amulet)
MR     .....                    (no ring)
                                (no ring)

@: not resistant to hostile enchantments, very unstealthy
A: change form in water, swift swim
a: Draw One, Peek at Two, Renounce Religion


You were on level 5 of the Dungeon.
You worshipped Nemelex Xobeh.
Nemelex Xobeh was pleased with you.
You were very hungry.

You visited 2 branches of the dungeon, and saw 6 of its levels.

You collected 216 gold pieces.

Inventory:

Hand weapons
 a - a +0,+0 trident (weapon)
 B - a +2 blowgun
Missiles
 d - a throwing net (quivered)
 r - 20 poisoned needles
Armour
 b - a +0 leather armour
 c - a +0 helmet (worn)
 j - a +0 cloak
 p - a +0 ring mail
 t - a +0 cloak (worn)
 x - a +0 ring mail (worn)
Comestibles
 f - 7 bread rations
 u - 2 meat rations
 F - a pear
Scrolls
 e - 9 scrolls of identify {unknown}
 g - a scroll of remove curse {unknown}
 h - a scroll of magic mapping {unknown}
 i - a scroll of blinking {unknown}
 k - 3 scrolls of teleportation {unknown}
 l - a scroll of amnesia {unknown}
 s - a scroll of random uselessness {unknown}
 v - a scroll of enchant weapon I {unknown}
 y - 2 scrolls of enchant weapon II {unknown}
 E - a scroll of fear {unknown}
 H - a scroll of fog {unknown}
Jewellery
 G - an uncursed ring of wizardry {unknown}
 I - an uncursed ring of ice {unknown}
Potions
 m - 4 potions of curing
 n - a potion of invisibility {unknown}
 q - 2 potions of might {unknown}
 A - a potion of magic {unknown}
 D - a potion of confusion {unknown}
Books
 w - the Guide on the Enthralling Frostbite
   (You found it on level 4 of the Dungeon)

   Spells                             Type                      Level
   Freeze                             Ice                          1
   Leda's Liquefaction                Hexes/Earth                  4
   Ice Form                           Ice/Transmutation            4
   Summon Mana Viper                  Hexes/Summoning              5
   Bolt of Cold                       Conjuration/Ice              6
 z - a book of Spatial Translocations

   Spells                             Type                      Level
   Apportation                        Translocation                1
   Blink                              Translocation                2
   Shroud of Golubria                 Charms/Translocation         2
   Portal Projectile                  Translocation                3
   Teleport Other                     Translocation                3
   Passage of Golubria                Translocation                4
Miscellaneous
 o - a plain deck of summonings {drawn: 2}
 C - a plain deck of destruction


   Skills:
 - Level 2.1 Fighting
 - Level 11.4 Polearms
 - Level 2.0 Throwing
 - Level 4.0 Dodging


You had 6 spell levels left.
You didn't know any spells.

Dungeon Overview and Level Annotations

Branches:
Dungeon (5/15)             Temple (1/1) D:4

Altars:
Cheibriados
Dithmenos
Elyvilon
Fedhas
Makhleb
Nemelex Xobeh
Okawaru
Sif Muna
Trog
Vehumet
Xom
Yredelemnul
Zin
The Shining One

Shops:
D:4 }   D:5 :

Annotations:
D:5 Prince Ribbit


Message History

Prince Ribbit blinks!
The vampire mosquito closely misses you.
You miss the vampire mosquito.
The vampire mosquito is moderately damaged.
The vampire mosquito barely misses you.
Your vampire mosquito closely misses Prince Ribbit.
The vampire mosquito bites you!
* * * LOW HITPOINT WARNING * * *
The vampire mosquito draws strength from your injuries!
Your vampire mosquito closely misses Prince Ribbit.
Your vampire mosquito misses Prince Ribbit.
The vampire mosquito bites you!
* * * LOW HITPOINT WARNING * * *
The vampire mosquito draws strength from your injuries!
You see here a throwing net.
d - a throwing net Your vampire mosquito closely misses Prince Ribbit.
The vampire mosquito bites you.
You die...
Your body glows slightly and disappears.

#.. #... #...## ########
.......###########.......
#.....(...............
#.#..y####...##.#>..##
#..@# #......#...#
#..<####......#...#
#..F..........##### ###
#(..y.######### #...
#.......#
###....##.......##.
........∩..........
..#######..#######.
#..#######


You could see Prince Ribbit, a vampire mosquito and a friendly vampire mosquito.

Vanquished Creatures
  The ghost of dadoka the Insei, an average OpTm (D:3)
  2 crimson imps
  2 hounds
  3 orc wizards
  Crazy Yiuf (D:3)
  2 worker ants
  A big kobold skeleton (D:5)
  Terence (D:2)
  2 adders
  3 gnolls (D:4)
  A giant mite (D:4)
  A worm (D:4)
  A giant eyeball (D:4)
  4 giant geckos
  3 oozes
  12 orcs
  10 bats
  2 giant cockroaches
  5 goblins
  11 hobgoblins
  7 jackals (D:3)
  12 kobolds
  2 ball pythons
  3 giant newts
  A goblin skeleton (D:5)
  A hobgoblin skeleton (D:5)
  An orc skeleton (D:4)
  3 quokkas
  10 rats
  A rat zombie (D:5)
109 creatures vanquished.

Notes
Turn   | Place    | Note
--------------------------------------------------------------
     0 | D:1      | Qrupt, the Merfolk Gladiator, began the quest for the Orb.
     0 | D:1      | Reached XP level 1. HP: 16/16 MP: 1/1
    32 | D:1      | Reached skill level 5 in Polearms
    37 | D:1      | Reached XP level 2. HP: 15/22 MP: 2/2
   287 | D:1      | Reached XP level 3. HP: 27/27 MP: 3/3
   307 | D:1      | Reached skill level 6 in Polearms
   606 | D:2      | Noticed Terence
   617 | D:2      | Killed Terence
   825 | D:2      | Found a sparkling altar of Nemelex Xobeh.
   852 | D:2      | Became a worshipper of Nemelex Xobeh the Trickster
   980 | D:2      | Received a gift from Nemelex Xobeh
  1337 | D:3      | Reached skill level 7 in Polearms
  1337 | D:3      | Reached XP level 4. HP: 12/33 MP: 4/4
  1404 | D:3      | Noticed dadoka's ghost (average OpTm)
  1612 | D:3      | Noticed Crazy Yiuf
  1624 | D:3      | Killed Crazy Yiuf
  1900 | D:3      | Reached skill level 8 in Polearms
  1900 | D:3      | Reached XP level 5. HP: 35/38 MP: 5/5
  1932 | D:3      | Acquired Nemelex Xobeh's first power
  2225 | D:3      | Reached skill level 9 in Polearms
  2325 | D:3      | Killed dadoka's ghost
  2325 | D:3      | Reached XP level 6. HP: 22/44 MP: 6/6
  2838 | D:4      | Identified the Guide on the Enthralling Frostbite
  2905 | D:4      | Found a white marble altar of Elyvilon.
  2975 | D:4      | Reached skill level 10 in Polearms
  2985 | D:4      | Found a staircase to the Ecumenical Temple.
  3182 | D:4      | Found Ocisanot's Gadget Emporium.
  3428 | D:4      | Acquired Nemelex Xobeh's second power
  3428 | D:4      | Received a gift from Nemelex Xobeh
  3440 | D:4      | Found a shimmering altar of Xom.
  3664 | D:4      | Reached XP level 7. HP: 22/50 MP: 7/7
  3993 | Temple   | Entered the Ecumenical Temple
  4224 | D:5      | Entered Level 5 of the Dungeon
  4224 | D:5      | Found Jofal's Book Emporium.
  4312 | D:5      | Reached skill level 11 in Polearms
  4520 | D:5      | Noticed Prince Ribbit
  4754 | D:5      | Noticed a vampire mosquito
  4770 | D:5      | Slain by a vampire mosquito

Action                   |  1- 3 |  4- 6 |  7- 9 || total
-------------------------+-------+-------+-------++-------
Melee: Trident           |   120 |   257 |    81 ||   458
Throw: Throwing net      |       |       |     6 ||     6
Invok: Draw One          |       |       |     2 ||     2
  Use: Potion            |       |       |     1 ||     1
 Stab: Held in net/web   |       |       |     1 ||     1
